 Dungeon Crawl Stone Soup version 0.29.0-15-g675c0067aa (webtiles) character file.

Game seed: 11075316406576073655

137 qw the Sneak (level 5, -6/32 HPs)
             Began as a Gargoyle Delver on Sept 11, 2022.
             Killed by divine providence
             ... invoked by an orc priest
              (17 damage)
             ... on level 4 of the Dungeon.
             The game lasted 00:01:22 (3518 turns).

qw the Sneak (Gargoyle Delver)                      Turns: 3518, Time: 00:01:23

Health: -6/32      AC:  9    Str: 17    XL:     5   Next: 20%
Magic:  5/5        EV: 10    Int: 11    God:
Gold:   214        SH:  0    Dex: 11    Spells: 4/4 levels left

rFire   . . .      SeeInvis .   Y - +0 hand axe
rCold   . . .      Faith    .   (no shield)
rNeg    + . .      Spirit   .   k - +0 ring mail
rPois   inf        Reflect  .   (no helmet)
rElec   +          Harm     .   (no cloak)
rCorr   .          Rampage  .   (no gloves)
Will    .....                   (no boots)
Stlth   ++........              (no amulet)
HPRegen 0.10/turn               (no ring)
MPRegen 0.09/turn               (no ring)

@: no status effects
A: sickness immunity, AC +4, negative energy resistance 1, electricity
resistance, torment resistance 1, petrification resistance
a: no special abilities


You were on level 4 of the Dungeon.
You visited 1 branch of the dungeon, and saw 5 of its levels.

You collected 214 gold pieces.


Innate Abilities, Weirdness & Mutations

You are immune to sickness and miasma.
Your stone body is resilient. (AC +4)
You are immune to poison.
You resist negative energy. (rN+)
You are resistant to electric shocks. (rElec)
You are resistant to unholy torment.
You are immune to petrification.


   Skills:
 - Level 3.2 Fighting
 + Level 4.6 Axes
 - Level 1.0 Armour
 - Level 1.5 Dodging
 - Level 5.4 Stealth


You had 4 spell levels left.
You didn't know any spells.
Your spell library was empty.

Inventory:

Hand Weapons
 l - a +0 whip
 Y - a +0 hand axe (weapon)
Armour
 k - a +0 ring mail (worn)
Wands
 g - a wand of digging (3)
Scrolls
 a - a scroll of identify
 b - 2 scrolls of teleportation
 c - a scroll of blinking {unknown}
Potions
 d - a potion of brilliance {unknown}
 e - 3 potions of curing
 f - 3 potions of haste
 h - a potion of berserk rage {unknown}
 i - a potion of degeneration {unknown}
 m - 2 potions of heal wounds

Dungeon Overview and Level Annotations

Branches:
Dungeon (5/15)
 Temple: D:4-7

Altars:


Message History

You barely miss the orc wizard. You hit the orc priest. You hit the orc wizard.
The orc priest hits you with a +0 dagger.
The orc wizard mumbles some strange words.
The orc wizard flickers and vanishes!
Deactivating autopickup; reactivate with Ctrl-A.
The orc wizard barely misses you.
You hit the orc priest.
The orc priest is moderately wounded.
You hit the orc wizard. You hit something. The orc priest closely misses you.
Something hits you but does no damage.
The orc wizard points at you and mumbles some strange words.
The magic dart hits you.
You hit the orc wizard.
The orc wizard is severely wounded.
You hit the orc priest. You closely miss something.
The orc priest calls upon Beogh to heal the orc wizard.
The orc wizard is healed somewhat.
Something hits you but does no damage. The orc wizard completely misses you.
The orc wizard hits you but does no damage.
Something hits you but does no damage.
The orc priest hits you but does no damage.
You hit the orc priest.
The orc priest is almost dead.
You barely miss something. You closely miss the orc wizard.
You hear some strange, mumbled words.
A magic dart appears from out of thin air!
The magic dart hits you but does no damage.
The orc priest calls down the wrath of Beogh upon you.
Pain shoots through your body!
The orc wizard hits you but does no damage.
You barely miss the orc priest.
The orc priest is almost dead.
You hit something.
You hit the orc wizard but do no damage.
Something hits you but does no damage.
The orc wizard hits you but does no damage.
The orc priest mumbles some strange prayers to Beogh against you.
Beogh smites you!
Ouch! That really hurt!
You die...

########.#.##############
.#######...# ...........#
########...##########
#............#
#.........<#.#
#######'#+##.......#
#......[..............
#......@..........#.....
#.....oo{...#######.....
#......g....# ....
............# ...
#...........# ...
+.....>.....#
#...........#
#...........#


You could see an orc priest, an orc wizard and a goblin.

Vanquished Creatures
  A howler monkey (D:4)
  4 adders
  A worm (D:2)
  2 dart slugs (D:2)
  2 orcs
  4 ball pythons
  5 endoplasms
  3 giant cockroaches
  3 goblins
  6 hobgoblins
  2 jackals (D:3)
  2 quokkas (D:3)
  2 bats
  2 frilled lizards
  9 kobolds
  6 rats
54 creatures vanquished.

Notes
Turn   | Place    | Note
-------+----------+-------------------------------------------
     0 | D:5      | qw the Gargoyle Delver began the quest for the Orb.
     0 | D:5      | Reached XP level 1. HP: 14/14 MP: 1/1
     0 | D:5      | 0 ||| qw: Version: 0.1-a-117-gfe26ee0
     0 | D:5      | 0 ||| qw: Game counter: 9997
     0 | D:5      | 0 ||| qw: Always use a shield: true
     0 | D:5      | 0 ||| qw: God list: Okawaru
     0 | D:5      | 0 ||| qw: Allow faded altars: false
     0 | D:5      | 0 ||| qw: Do Orc after D:15 true
     0 | D:5      | 0 ||| qw: Do second Lair branch before Depths: true
     0 | D:5      | 0 ||| qw: Lair rune preference: random
     0 | D:5      | 0 ||| qw: Plans: Normal
     0 | D:5      | 0 ||| PLANNING D:1-11
     0 | D:5      | 0 ||| DROPPING scroll of fog.
     1 | D:5      | 1 ||| DROPPING scroll of magic mapping.
     2 | D:5      | 2 ||| DROPPING scroll of fear.
    12 | D:4      | Noticed a howler monkey
    24 | D:4      | Killed a howler monkey
    25 | D:4      | Reached skill level 3 in Axes
    25 | D:4      | Reached XP level 2. HP: 16/19 MP: 2/2
    25 | D:4      | Reached XP level 3. HP: 19/23 MP: 3/3
   163 | D:4      | 163 ||| FLEEEEING.
   164 | D:4      | 164 ||| FLEEEEING.
   165 | D:4      | 165 ||| FLEEEEING.
   167 | D:4      | 167 ||| STAIRDANCE
   314 | D:2      | 314 ||| Stepping ~*~*~tactically~*~*~ (stealth).
   481 | D:2      | 481 ||| Stepping ~*~*~tactically~*~*~ (stealth).
   485 | D:2      | 485 ||| Stepping ~*~*~tactically~*~*~ (stealth).
   487 | D:2      | 487 ||| Stepping ~*~*~tactically~*~*~ (stealth).
   489 | D:2      | 489 ||| Stepping ~*~*~tactically~*~*~ (stealth).
   490 | D:2      | 490 ||| Stepping ~*~*~tactically~*~*~ (stealth).
   494 | D:2      | 494 ||| Stepping ~*~*~tactically~*~*~ (stealth).
   579 | D:2      | 579 ||| DRINKING 2 blue potions.
   605 | D:2      | 605 ||| DROPPING potion of lignification.
   734 | D:1      | 734 ||| Stepping ~*~*~tactically~*~*~ (stealth).
   765 | D:1      | 765 ||| Stepping ~*~*~tactically~*~*~ (stealth).
   768 | D:1      | 768 ||| Stepping ~*~*~tactically~*~*~ (stealth).
   771 | D:1      | 771 ||| Stepping ~*~*~tactically~*~*~ (stealth).
   778 | D:1      | Reached XP level 4. HP: 27/28 MP: 4/4
  1054 | D:1      | 1054 ||| Stepping ~*~*~tactically~*~*~ (stealth).
  1056 | D:1      | 1056 ||| Stepping ~*~*~tactically~*~*~ (stealth).
  1147 | D:1      | 1147 ||| Stepping ~*~*~tactically~*~*~ (stealth).
  1376 | D:1      | 1376 ||| DROPPING +0 club.
  1830 | D:1      | You fall into a shaft and drop 1 floor!
  1834 | D:2      | 1834 ||| UPGRADING to +0 ring mail.
  1861 | D:2      | 1861 ||| Stepping ~*~*~tactically~*~*~ (stealth).
  1862 | D:2      | 1862 ||| UPGRADING to +0 leather armour.
  1872 | D:2      | 1872 ||| UPGRADING to +0 ring mail.
  1882 | D:2      | 1882 ||| DROPPING +0 leather armour.
  1883 | D:2      | 1883 ||| READING scroll labelled XIEL EBREANN.
  1884 | D:2      | 1884 ||| READING scroll labelled DAYCVAO QUSER.
  1885 | D:2      | 1885 ||| READING scroll labelled NITADEO XILIOG.
  2010 | D:1      | Found a faded altar of an unknown god.
  2108 | D:1      | 2108 ||| READING scroll labelled MYBAYQE YMPY.
  2112 | D:1      | 2112 ||| READING scroll labelled DAASHR WATYMUN.
  2248 | D:2      | Reached skill level 1 in Armour
  2606 | D:2      | 2606 ||| DRINKING 2 brown potions.
  2721 | D:3      | Reached XP level 5. HP: 32/32 MP: 5/5
  2918 | D:3      | 2918 ||| Stepping ~*~*~tactically~*~*~ (stealth).
  3357 | D:3      | 3357 ||| DROPPING ring of magical power.
  3358 | D:3      | 3358 ||| DRINKING 3 fuming pink potions.
  3435 | D:4      | 3435 ||| Stepping ~*~*~tactically~*~*~ (stealth).
  3437 | D:4      | 3437 ||| Stepping ~*~*~tactically~*~*~ (stealth).
  3439 | D:4      | 3439 ||| Stepping ~*~*~tactically~*~*~ (stealth).
  3441 | D:4      | 3441 ||| Stepping ~*~*~tactically~*~*~ (stealth).
  3518 | D:4      | Killed from afar by an orc priest

Levels and vault maps discovered:
D:1:      dpeg_arrival_arbitrary_c, layout_basic,
          shapermc_ecumenical_altar_acropolis, minmay_statues_item
D:2:      layout_rooms
D:3:      layout_loops_ring, roderic_roman_lattice
D:4:      layout_basic, elyvilon_altar_4, minmay_overflow_temple_star_quad,
          serial_shops, nicolae_shop_behind_doors
D:5:      layout_loops_ring, mainiacjoe_overflow_alcove_2, serial_shops,
          nicolae_shop_hallway_plus, minmay_shop_enchanted_jewellery,
          nicolae_kite_square_tiling_tiny

Skill      XL: |  1  2  3  4 |
---------------+-------------+-----
Axes           | 3 4 |  4.6
Armour         | 1 |  1.0
Fighting       | |  3.2
Dodging        | |  1.5
Stealth        | |  5.4

Action                   |  1- 3 |  4- 6 || total
-------------------------+-------+-------++-------
Melee: Hand axe          |    56 |   165 ||   221
       Punch             |     2 |       ||     2
  Use: Potion            |     1 |     2 ||     3
       Scroll            |       |     5 ||     5
 Stab: Sleeping          |       |     2 ||     2
Armor: Leather armour    |     7 |    35 ||    42
       Ring mail         |       |    61 ||    61
       Skin              |       |     1 ||     1
Dodge: Dodged            |    30 |    87 ||   117

Table legend:
 A = Non-vault XP
 B = Vault XP
 C = Vault XP percentage of total XP
 D = Non-vault monster count
 E = Vault monster count
 F = Vault count percentage of total count
                 A         B        C        D         E       F
            +---------+---------+-------+---------+---------+-------
      Total |     197 |       0 |   0.0 |      54 |       0 |   0.0
            +---------+---------+-------+---------+---------+-------
        D:1 |      36 |       0 |   0.0 |      24 |       0 |   0.0
        D:2 |      56 |       0 |   0.0 |      15 |       0 |   0.0
        D:3 |      44 |       0 |   0.0 |      11 |       0 |   0.0
        D:4 |      61 |       0 |   0.0 |       4 |       0 |   0.0
            +---------+---------+-------+---------+---------+-------
